Map: Ruins of Seras

Players

Burt

  • Race: Terran Terran
  • League: Platinum

Rainer - Winner!

  • Race: Protoss Protoss
  • League: Diamond

VOD

Have the link to the VOD?

Description

Time

  • Played on: Dec. 16, 2015, 8:51 p.m.
  • Length: 5:15
Show
View Real Time Build Order
Export as new Build Order

Burt Terran 

Build Orders:  

Get SALT Encoding   

  12  0:01  SCV  
  13  0:13  SCV  
  14  0:18  Supply Depot  
  14  0:25  SCV  
  15  0:40  SCV  
  15  0:41  Barracks  
  16  0:46  Refinery  
  16  0:52  SCV  
  17  1:04  SCV  
  17  1:05  Supply Depot  
  18  1:16  SCV  
  19  1:31  Marine  
  21  1:34  Orbital Command  
  21  1:38  Refinery  
  20  1:48  Ghost Academy  
  20  1:50  Marine  
  21  1:59  SCV  
  22  2:09  Barracks Tech Lab  
  22  2:11  SCV  
  22  2:14  Barracks  
  23  2:24  SCV  
  24  2:30  Ghost  
  24  2:35  Combat Shields  
  26  2:40  SCV  
  27  2:52  SCV  
  28  2:59  Ghost  
  28  3:03  Barracks Reactor  
  28  3:04  SCV  
  30  3:12  Supply Depot  
  30  3:17  SCV  
  31  3:33  SCV, Ghost  
  34  3:35  Supply Depot  
  34  3:39  Marine x2  
  36  3:45  SCV  
  37  3:57  Supply Depot, SCV  
  37  4:00  Factory  
  38  4:04  Marine x2  
  38  4:05  Marine  
  42  4:10  SCV  
  42  4:18  Concussive Shells  
  42  4:22  SCV, Marine  
  42  4:23  Engineering Bay, Marauder  
  46  4:28  Marine  
  47  4:34  SCV  
  48  4:40  Marine  
  48  4:44  Marine  
  50  4:46  Marine  
Show
View Real Time Build Order
Export as new Build Order

Rainer Protoss - Winner!

Build Orders:  

Get SALT Encoding   

  12  0:01  Probe (Chrono Boost)  
  13  0:11  Probe (Chrono Boost)  
  14  0:19  Pylon  
  14  0:22  Probe (Chrono Boost)  
  15  0:38  Gateway  
  15  0:40  Probe (Chrono Boost)  
  16  0:47  Assimilator  
  16  0:51  Probe (Chrono Boost)  
  17  0:59  Gateway  
  17  1:04  Probe (Chrono Boost)  
  18  1:15  Probe (Chrono Boost)  
  19  1:19  Assimilator  
  19  1:21  Pylon  
  19  1:30  Cybernetics Core  
  19  1:35  Probe (Chrono Boost)  
  20  1:45  Probe (Chrono Boost)  
  21  2:03  Probe (Chrono Boost)  
  22  2:13  Nexus  
  22  2:21  Mothership Core (Chrono Boost)  
  26  2:30  Adept (Chrono Boost)  
  26  2:34  Adept (Chrono Boost)  
  28  2:38  Warp Gate  
  28  2:55  Pylon  
  28  3:03  Stalker (Chrono Boost)  
  30  3:15  Robotics Facility  
  30  3:18  Pylon  
  30  3:20  Probe  
  30  3:24  Probe  
  32  3:32  Probe  
  33  3:35  Probe  
  34  3:44  Probe  
  34  3:45  Probe  
  36  3:53  Adept (Chrono Boost)  
  40  3:56  Probe x2, Adept (Chrono Boost)  
  40  4:00  Assimilator  
  42  4:08  Probe  
  43  4:29  Observer (Chrono Boost)  
  44  4:38  Robotics Bay  
Tags
 
Add a new tag
Caveats
  • Supply blocks, unpowered buildings, or Contaminate may cause inaccurate times.
  • Supply counts are checked every 10 seconds.